 Dungeon Crawl Stone Soup version 0.28.0-43-g3370ac3207 (webtiles) character file.

Game seed: 2815008645863562084

139757 crimpus the Acrobat (level 16, -12/76 (77) HPs)
             Began as a Deep Elf Hunter on Mar 25, 2022.
             Was a High Priest of Okawaru.
             Blown up by a lich (27 damage)
             ... with a wavering orb of destruction
             ... in the Arena.
             The game lasted 01:44:42 (43838 turns).

crimpus the Acrobat (Deep Elf Hunter)              Turns: 43838, Time: 01:44:42

HP:   -12/76 (77)   AC: 18    Str:  9    XL:     16   Next: 74%
MP:   20/27         EV: 40    Int: 21    God:    Okawaru [*****.]
Gold: 1340          SH:  7    Dex: 21    Spells: 15/15 levels left

rFire   + . .      SeeInvis +   P - +10 zealot's sword {holy, *Rage rN+ EV+3}
rCold   + + +      Faith    +   J - +3 buckler of Pantheism {Will+ Dex+2}
rNeg    + . .      Spirit   .   M - +4 skin of Zhor {*Englaciate rC+++ SInv}
rPois   .          Reflect  .   I - +2 helmet {SInv}
rElec   .          Harm     .   F - +2 cloak of the Thief {*Fog Slay-2 SInv Stlth+}
rCorr   .          Rampage  .   G - +2 pair of gloves of Jothryoxi {rC+ Regen+}
Will    ++...      Rage     20% j - +2 pair of boots "Ixe Osm" {Int+2 Slay+6 Stlth+}
Stlth   ++++++++..              i - amulet of faith
HPRegen 1.02/turn               v - +4 ring of evasion
MPRegen 0.20/turn               B - +4 ring of evasion

@: on berserk cooldown, slowed, lightly drained, duelling, very slow
A: hooves 1, fire resistance 1, [clumsy 1], [frail 2], [subdued magic 2]
a: Renounce Religion, Heroism, Finesse, Duel


You were in the Arena.
You worshipped Okawaru.
Okawaru was extremely pleased with you.
You visited 5 branches of the dungeon, and saw 25 of its levels.
You visited the Abyss 1 time.
You also visited: Sewer and Ice Cave.

You collected 2660 gold pieces.
You spent 1320 gold pieces at shops.

Inventory:

Hand Weapons
 g - a +1 battleaxe of venom
 x - a +4 vorpal longbow
 A - the +10 whip "Cali Ihuz" {spect, rCorr MP-9 Dex+4}
   (You found it on level 7 of the Dungeon)

   When its wielder attacks, the weapon's spirit leaps out and strikes again.
   The spirit shares a part of any damage it takes with its wielder.
   Dex:       It affects your dexterity (+4).
   MP:        It affects your magic capacity (-9).
   rCorr:     It protects you from acid and corrosion.
 N - a +1 longbow of flaming
 P - the +10 zealot's sword (weapon) {holy, *Rage rN+ EV+3}
   (You found it on level 1 of the Orcish Mines)

   It has been blessed by the Shining One to cause great damage to the undead
   and demons.
   Whenever the wielder enters a berserk rage, their allies are berserked
   alongside them.
   EV:        It affects your evasion (+3).
   rN:        It protects you from negative energy.
   *Rage:     It berserks you when you make melee attacks (+20% chance).
Missiles
 d - 314 arrows
Armour
 f - a scarf of repulsion
 j - the +2 pair of boots "Ixe Osm" (worn) {Int+2 Slay+6 Stlth+}
   (You found it on level 2 of the Dungeon)

   Int:       It affects your intelligence (+2).
   Slay:      It affects your accuracy & damage with ranged weapons and melee
   (+6).
   Stlth:     It makes you more stealthy.
 E - +5 steam dragon scales
 F - the +2 cloak of the Thief (worn) {*Fog Slay-2 SInv Stlth+}
   (You found it on level 6 of the Lair of Beasts)

   It may release a thick cloud of smoke when the wearer is hurt.
   Slay:      It affects your accuracy & damage with ranged weapons and melee
   (-2).
   SInv:      It lets you see invisible.
   Stlth:     It makes you more stealthy.
 G - the +2 pair of gloves of Jothryoxi (worn) {rC+ Regen+}
   (Okawaru gifted it to you on level 12 of the Dungeon)

   rC:        It protects you from cold.
   Regen:     It increases your rate of health regeneration.
 I - a +2 helmet of see invisible (worn)
 J - the +3 buckler of Pantheism (worn) {Will+ Dex+2}
   (Okawaru gifted it to you in an ice cave)

   Dex:       It affects your dexterity (+2).
   Will:      It increases your willpower.
 M - the +4 skin of Zhor (worn) {*Englaciate rC+++ SInv}
   (You bought it in a shop on level 1 of the Orcish Mines)

   It radiates cold, occasionally slowing all nearby creatures who are not
   resistant to cold.
   rC:        It renders you almost immune to cold.
   SInv:      It lets you see invisible.
 Q - the +1 helmet of the Fife {rCorr Int+3}
   (You found it on level 15 of the Dungeon)

   Int:       It affects your intelligence (+3).
   rCorr:     It protects you from acid and corrosion.
 W - a +2 robe of positive energy
Jewellery
 i - an amulet of faith (around neck)
 k - a ring of wizardry
 s - a ring of positive energy
 v - a +4 ring of evasion (left hand)
 B - a +4 ring of evasion (right hand)
 T - a ring of flight
 X - a ring of protection from cold
 Z - the ring of the Trilobite {rF+ Will+ Int+6 Slay+2}
   (You took it off an ogre mage on level 15 of the Dungeon)

   [ring of intelligence]

   Int:       It affects your intelligence (+6).
   Slay:      It affects your accuracy & damage with ranged weapons and melee
   (+2).
   rF:        It protects you from fire.
   Will:      It increases your willpower.
Wands
 t - a wand of acid (11)
 u - a wand of iceblast (31)
 w - a wand of polymorph (4)
 z - a wand of flame (22)
 D - a wand of mindburst (12)
 R - a wand of paralysis (5)
Scrolls
 a - 3 scrolls of fear
 c - 3 scrolls of enchant armour
 e - 13 scrolls of identify
 h - 4 scrolls of fog
 r - a scroll of magic mapping
 y - a scroll of blinking
 O - 2 scrolls of amnesia
Potions
 b - 9 potions of attraction
 n - 3 potions of might
 o - 2 potions of brilliance
 p - 4 potions of curing
 q - 2 potions of magic
 L - 4 potions of cancellation
 S - 2 potions of mutation
 U - 3 potions of flight
 Y - 2 potions of berserk rage
Miscellaneous
 H - a phial of floods


   Skills:
 + Level 10.0 Fighting
 - Level 0.1 Long Blades
 - Level 20.9 Bows
 * Level 22.0 Dodging
 - Level 13.0 Stealth
 * Level 12.1 Invocations


You had 15 spell levels left.
You didn't know any spells.
Your spell library contained the following spells:

 Spells                   Type           Power      Damage    Failure   Level
 Beastly Appendage        Tmut           0%         N/A       17%         1
 Slow                     Hex            0%         N/A       17%         1
 Ensorcelled Hibernation  Hex/Ice        0%         N/A       28%         2
 Scorch                   Fire           0%         2d5       28%         2
 Sublimation of Blood     Necr           0%         N/A       28%         2
 Wereblood                Tmut           0%         N/A       28%         2
 Confusing Touch          Hex            0%         N/A       50%         3
 Spider Form              Tmut/Pois      0%         N/A       50%         3
 Vampiric Draining        Necr           0%         2d6       50%         3
 Anguish                  Hex/Necr       0%         N/A       90%         4
 Flame Wave               Conj/Fire      0%         2d4       90%         4
 Hailstorm                Conj/Ice       0%         3d3       90%         4
 Ice Form                 Ice/Tmut       0%         N/A       90%         4
 Blade Hands              Tmut           0%         N/A       99%         5
 Conjure Ball Lightning   Conj/Air       0%         3x3d6     100%        6
 Statue Form              Tmut/Erth      0%         N/A       100%        6
 Storm Form               Tmut/Air       0%         N/A       100%        7
 Discord                  Hex            0%         N/A       100%        8
 Disjunction              Tloc           0%         N/A       100%        8
 Simulacrum               Ice/Necr       Unusable   N/A       N/A         6
 Summon Cactus Giant      Summ           Unusable   N/A       N/A         6
 Summon Hydra             Summ           Unusable   N/A       N/A         7

Dungeon Overview and Level Annotations

Branches:
Dungeon (15/15)            Temple (1/1) D:5            Lair (6/6) D:9
  Swamp (0/4) Lair:4       Spider (0/4) Lair:2        Slime (0/5) Lair:5
    Orc (2/2) D:12            Elf (0/3) Orc:2        Vaults (0/5) D:14
 Depths (1/4) D:15          Sewer (visited)           IceCv (visited)

Altars:
Ashenzari
Cheibriados
Dithmenos
Fedhas
Nemelex Xobeh
Okawaru
Qazlal
Ru
Zin
Beogh

Shops:
D:7 !   Orc:1 [   Orc:2 !*?[

Annotations:
D:14 2 transporters, exclusion: obsidian statue, Syidgh's ghost, journeyman HOAK


Innate Abilities, Weirdness & Mutations

You have large cloven feet.
Your flesh is heat resistant. (rF+)
[You are clumsy. (Dex -2)]
[You are very frail. (-20% HP)]
[Your spells are easier to cast, but less powerful.]


Message History

The lich completely misses you.
The lich touches you but does no damage.
You hear an angry squeal.
The lich gestures at you while chanting.
The bolt of cold hits you! You resist. The lich touches you.
The raiju bites you. The raiju shocks you!
* * * LOW HITPOINT WARNING * * *
With a swish of your cloak, you release a cloud of fog.
The lich misses you. The lich completely misses you.
The raiju bites you but does no damage.
You hear a shout!
You hear a roar!
You are too injured to fight recklessly!
Unknown command.
You are too injured to fight recklessly!
A smoke demon comes into view.
You radiate an aura of cold.
The lich is unaffected.
The smoke demon seems to slow down.
The raiju seems to slow down.
The lich is unaffected.
The smoke demon is no longer moving slowly.
You hear a horrible gurgling sound!
The lich casts a spell at you. The bolt of cold misses you.
The bolt of cold hits you! You resist.
* * * LOW HITPOINT WARNING * * *
With a swish of your cloak, you release a cloud of fog.
The lich gestures at you while chanting.
The bolt of cold misses you.
The lich launches a ball of destructive magic.
Aiming: Duel (7% risk of failure)
Press: ? - help, Dir - move target, f - lich
Aim: a lich (blue smoke, fast, slightly transparent)
You enter into single combat with the lich!
You enter Okawaru's Arena!
The lich touches you!
* * * LOW HITPOINT WARNING * * *
Found a gate leading back out of this place.
There is an empty arch of ancient stone here.
You feel better.
The lich conjures a glowing orb.
The wavering orb of destruction weakly hits you!!
You die...
Okawaru crowns the lich victorious!

#### ####
##.p.#.p.##
##..▓▓▓▓▓..##
##.p▓▓...▓▓p.##
#..▓▓.....▓▓..#
#p▓▓.......▓▓p#
#▓▓.........▓▓#
#▓.....@L....▓#
#▓▓.........▓▓#
#p▓▓.......▓▓p#
#..▓▓.....▓▓..#
##.p▓▓...▓▓p.##
##..▓▓▓▓▓..##
##.p▓∩▓p.##
#########


You could see a lich (fast, invisible).

Vanquished Creatures
  A profane servitor (Arena)
  5 liches
  Jorgrun (D:12)
  A tentacled starspawn (Abyss:5)
  Agnes (D:15)
  2 azure jellies (IceCv)
  A storm dragon (D:15)
  Roxanne (D:15)
  A fire giant (Depths:1)
  Louise (D:15)
  A very ugly thing (D:15)
  3 quicksilver oozes (IceCv)
  4 stone giants
  Nessos (D:14)
  The ghost of Stoinky the Impaler, a journeyman MiAK of Lugonu (D:12)
  4 spark wasps (D:15)
  An ettin (D:15)
  Snorg (Orc:1)
  A fire dragon (Depths:1)
  2 merfolk impalers (Orc:1)
  A yaktaur captain (D:15)
  A great orb of eyes (Depths:1)
  3 ice dragons
  A naga warrior (Arena)
  2 boulder beetles
  An ogre mage (D:15)
  14 hydras
  The ghost of Sanktem7 the Fighter, a novice MiFi of Trog (D:12)
  Erica (Lair:2)
  2 centaur warriors
  9 two-headed ogres
  A deep troll earth mage (D:15)
  A deep troll shaman (Depths:1)
  2 tengu warriors (D:12)
  9 death yaks
  Urug (D:14)
  2 thrashing horrors (Abyss:3)
  5 orc high priests (Orc:2)
  4 wretched stars
  A deep elf knight (D:12)
  2 iron trolls (Depths:1)
  2 sixfirhies (Abyss:3)
  A deep troll (Depths:1)
  A goliath frog (Lair:6)
  An orb spider (Abyss:3)
  A wizard (D:15)
  A deep elf pyromancer (D:12)
  9 orc knights
  A manticore (D:13)
  An orc sorcerer (D:14)
  11 ugly things
  11 oklob plants
  Pikel (D:8)
  6 cyclopes
  2 worldbinders
  9 black mambas
  17 elephants
  Joseph (D:8)
  2 ice statues (IceCv)
  A guardian serpent (Abyss:3)
  4 smoke demons
  2 naga magi (Abyss:3)
  19 cane toads
  Maggie (D:8)
  3 kobold demonologists (D:12)
  A rime drake (Lair:3)
  A tengu conjurer (D:13)
  4 entropy weaver simulacra (IceCv)
  A tormentor (Abyss:5)
  11 komodo dragons
  A demonic crawler (Lair:2)
  3 efreet
  2 ice devils (D:12)
  2 polar bears (Lair:6)
  7 trolls
  3 ancient zymes
  Prince Ribbit (D:8)
  A tarantella (shapeshifter) (Abyss:5)
  18 slime creatures
  4 tyrant leeches (Lair:6)
  A hornet (shapeshifter) (Abyss:3)
  42 blink frogs
  8 dream sheep
  A centaur simulacrum (D:15)
  2 shadows
  A vampire (D:12)
  52 yaks
  7 starcursed masses (Abyss:5)
  2 ynoxinuls (Abyss:3)
  7 large abominations
  4 small abominations
  5 wraiths
  3 wyverns
  15 humans (D:14)
  8 vampire mosquitoes
  7 basilisks
  A golden eye (shapeshifter) (D:14)
  A fire elemental (Abyss:3)
  A neqoxec (Abyss:3)
  A steam dragon (D:9)
  2 chaos spawn (Abyss:5)
  2 acid dragons
  A naga (Abyss:3)
  A spatial vortex (Abyss:3)
  3 demonic crawler simulacra (IceCv)
  4 hell hounds (Abyss:3)
  13 water moccasins
  42 orc warriors
  3 ugly thing simulacra (IceCv)
  A hornet zombie (D:5)
  An ice beast (D:8)
  7 ogres
  10 wolves
  A centaur (D:8)
  3 lemures (D:8)
  10 kobold brigands
  An earth elemental (Abyss:3)
  21 bullfrogs
  A gnoll sergeant (D:8)
  5 glowing shapeshifter simulacra (IceCv)
  7 scorpions
  A wyvern zombie (D:8)
  A water moccasin zombie (D:4)
  A wyvern skeleton (D:6)
  9 killer bees
  9 wights
  6 howler monkeys
  2 centaur zombies
  2 jellies
  2 quasits (Abyss:3)
  27 orc priests
  A centaur skeleton (D:7)
  4 hounds
  A bullfrog skeleton (D:6)
  An iron imp (Abyss:3)
  3 gnoll shamans
  Natasha (thrice) (D:2)
  4 iguanas
  11 orc wizards
  A killer bee zombie (D:8)
  Robin (D:2)
  18 gnolls
  A howler monkey skeleton (D:2)
  6 adders
  5 river rats (Sewer)
  A white imp (Abyss:3)
  An ufetubus (D:7)
  3 worms
  A dart slug (D:2)
  78 orcs
  3 bats
  2 endoplasms
  5 giant cockroaches
  19 goblins
  8 hobgoblins
  3 jackals (D:2)
  A quokka (D:4)
  15 ball pythons
  5 frilled lizards
  40 kobolds
  23 rats
902 creatures vanquished.

Vanquished Creatures (others)
  A fire bat (Abyss:5)
  2 golden eyes
  A spatial vortex (Abyss:5)
  A small abomination (Abyss:5)
  An ufetubus (Abyss:3)
  7 foxfires (Abyss:3)
  30 fungi
  99 plants
  7 starspawn tentacles
149 creatures vanquished.

Grand Total: 1051 creatures vanquished

Notes
Turn   | Place    | Note
-------+----------+-------------------------------------------
     0 | D:1      | crimpus the Deep Elf Hunter began the quest for the Orb.
     0 | D:1      | Reached XP level 1. HP: 12/12 MP: 3/3
   480 | D:1      | Reached XP level 2. HP: 16/16 MP: 4/4
  1438 | D:2      | Reached XP level 3. HP: 15/20 MP: 5/5
  1547 | D:2      | Noticed Natasha
  1554 | D:2      | Killed Natasha
  1964 | D:2      | Found a faded altar of an unknown god.
  2048 | D:2      | Reached XP level 4. HP: 26/26 MP: 6/6
  2054 | D:2      | Identified the +2 pair of boots "Ixe Osm" {Int+2 Slay+6
                  | Stlth+}
  2083 | D:2      | Noticed Robin
  2089 | D:2      | Killed Robin
  2249 | D:2      | Noticed Natasha
  2257 | D:2      | Killed Natasha
  2438 | D:2      | Noticed Natasha
  2444 | D:2      | Killed Natasha
  2445 | D:2      | Reached XP level 5. HP: 30/30 MP: 7/7
  2666 | D:2      | Reached skill level 3 in Dodging
  2966 | D:3      | Found a glowing drain.
  2993 | Sewer    | Entered a sewer
  3410 | Sewer    | Reached XP level 6. HP: 15/35 MP: 8/8
  4507 | Sewer    | Gained mutation: You are partially covered in iridescent
                  | scales. (AC +2) [potion of mutation]
  4509 | Sewer    | Lost mutation: You are partially covered in iridescent
                  | scales. (AC +2) [potion of mutation]
  4509 | Sewer    | Gained mutation: You do not regenerate when monsters are
                  | visible. [potion of mutation]
  4509 | Sewer    | Gained mutation: You possess an exceptional clarity of
                  | mind. [potion of mutation]
  4510 | Sewer    | Lost mutation: You possess an exceptional clarity of mind.
                  | [potion of mutation]
  4510 | Sewer    | Lost mutation: You do not regenerate when monsters are
                  | visible. [potion of mutation]
  4510 | Sewer    | Gained mutation: You have large cloven feet. [potion of
                  | mutation]
  4510 | Sewer    | Gained mutation: Your flesh is heat resistant. (rF+)
                  | [potion of mutation]
  5006 | D:4      | Reached skill level 10 in Bows
  5641 | D:4      | Reached XP level 7. HP: 40/40 MP: 9/9
  5979 | D:5      | Entered Level 5 of the Dungeon
  6133 | D:5      | Reached skill level 4 in Dodging
  6333 | D:5      | Reached XP level 8. HP: 46/46 MP: 10/10
  6424 | D:5      | Found a staircase to the Ecumenical Temple.
  6445 | Temple   | Entered the Ecumenical Temple
  6503 | Temple   | Became a worshipper of Warmaster Okawaru
  7193 | D:6      | Reached * piety under Okawaru
  7488 | D:6      | Reached skill level 5 in Dodging
  8066 | D:7      | Found Arezol's Distillery.
  8173 | D:7      | Identified the +10 whip "Cali Ihuz" {spect, rCorr MP-9
                  | Dex+4}
  8743 | D:7      | Reached XP level 9. HP: 44/51 MP: 2/11
  9465 | D:8      | Noticed Joseph
  9487 | D:8      | Reached ** piety under Okawaru
  9759 | D:8      | Reached skill level 6 in Dodging
 10204 | D:8      | Killed Joseph
 10204 | D:8      | Reached *** piety under Okawaru
 10320 | D:8      | Noticed Maggie
 10335 | D:8      | Killed Maggie
 10335 | D:8      | Received a gift from Okawaru
 10336 | D:8      | Reached skill level 15 in Bows
 10500 | D:8      | Noticed Pikel
 10515 | D:8      | Killed Pikel
 10516 | D:8      | Reached skill level 5 in Fighting
 10516 | D:8      | Reached skill level 7 in Dodging
 10516 | D:8      | Reached skill level 5 in Stealth
 10728 | D:8      | Noticed Prince Ribbit
 10734 | D:8      | Killed Prince Ribbit
 10735 | D:8      | Reached XP level 10. HP: 59/59 MP: 2/12
 10831 | D:8      | Found a large runed translucent door.
 10832 | D:8      | Found a large runed translucent door.
 10843 | D:8      | Found a shadowy altar of Dithmenos.
 10994 | D:8      | Found a glowing silver altar of Zin.
 11095 | D:8      | Noticed a boulder beetle
 11117 | D:8      | Killed a boulder beetle
 11117 | D:8      | Reached **** piety under Okawaru
 12028 | D:9      | Reached skill level 1 in Invocations
 12092 | D:9      | Reached skill level 8 in Dodging
 12124 | D:9      | Received a gift from Okawaru
 12193 | D:9      | Found a staircase to the Lair.
 12773 | D:10     | Entered Level 10 of the Dungeon
 13196 | D:10     | Reached ***** piety under Okawaru
 14036 | D:10     | Received a gift from Okawaru
 14370 | D:10     | Noticed a two-headed ogre
 14380 | D:10     | Killed a two-headed ogre
 14380 | D:10     | Received a gift from Okawaru
 14381 | D:10     | Reached XP level 11. HP: 58/64 MP: 3/15
 15521 | D:11     | Noticed a five-headed hydra
 15527 | D:11     | Killed a five-headed hydra
 15550 | D:11     | Noticed a six-headed hydra
 15553 | D:11     | Reached skill level 9 in Dodging
 15566 | D:11     | Killed a six-headed hydra
 16460 | D:11     | Noticed a two-headed ogre
 16485 | D:11     | Killed a two-headed ogre
 17044 | D:11     | Noticed a two-headed ogre
 17062 | D:11     | Killed a two-headed ogre
 17219 | D:11     | Found a stormy altar of Qazlal.
 17492 | D:12     | Received a gift from Okawaru
 17676 | D:12     | Noticed a six-headed hydra
 17684 | D:12     | Killed a six-headed hydra
 17684 | D:12     | Identified the +2 pair of gloves of Jothryoxi {rC+ Regen+}
                  | (Okawaru gifted it to you on level 12 of the Dungeon)
 17684 | D:12     | Received a gift from Okawaru
 17685 | D:12     | Reached skill level 10 in Dodging
 17685 | D:12     | Reached skill level 5 in Invocations
 17808 | D:12     | Noticed a deep elf pyromancer
 17823 | D:12     | Killed a deep elf pyromancer
 17855 | D:12     | Noticed Jorgrun
 17972 | D:12     | Found a frozen archway.
 17994 | IceCv    | Entered an ice cave
 18261 | IceCv    | Reached XP level 12. HP: 73/73 MP: 8/18
 19646 | IceCv    | Noticed a quicksilver ooze
 19656 | IceCv    | Killed a quicksilver ooze
 19865 | IceCv    | Reached skill level 11 in Dodging
 20190 | IceCv    | Noticed a quicksilver ooze
 20200 | IceCv    | Killed a quicksilver ooze
 20951 | IceCv    | Noticed a quicksilver ooze
 20961 | IceCv    | Killed a quicksilver ooze
 20961 | IceCv    | Received a gift from Okawaru
 21097 | IceCv    | Reached skill level 12 in Dodging
 21412 | IceCv    | Noticed an azure jelly
 21430 | IceCv    | Killed an azure jelly
 21518 | IceCv    | Identified the +3 buckler of Pantheism {Will+ Dex+2}
                  | (Okawaru gifted it to you in an ice cave)
 21518 | IceCv    | Received a gift from Okawaru
 21520 | IceCv    | Reached ****** piety under Okawaru
 21625 | IceCv    | Found a viscous altar of Jiyva.
 21625 | IceCv    | Noticed an azure jelly
 21640 | IceCv    | Killed an azure jelly
 21920 | IceCv    | Identified the ring "Qurox" {+Blink rElec Str-4 Int+6}
 22119 | D:12     | Killed Jorgrun
 22416 | D:12     | Found a staircase to the Orcish Mines.
 22518 | D:12     | Found a runed translucent door.
 22518 | D:12     | Noticed Stoinky's ghost (journeyman MiAK)
 22606 | D:12     | Noticed a six-headed hydra
 22616 | D:12     | Killed a six-headed hydra
 22617 | D:12     | Reached skill level 13 in Dodging
 22617 | D:12     | Reached XP level 13. HP: 51/80 MP: 11/20
 23372 | D:13     | Identified the +1 shortbow "Eresiom" {vorpal, rF+ SInv}
                  | (Okawaru gifted it to you on level 13 of the Dungeon)
 23372 | D:13     | Received a gift from Okawaru
 23373 | D:13     | Reached skill level 10 in Stealth
 23657 | D:14     | Found a transporter.
 23664 | D:14     | Found a transporter.
 23666 | D:14     | Noticed a fire dragon
 23691 | D:14     | Noticed Syidgh's ghost (journeyman HOAK)
 23698 | D:14     | Noticed a frost giant
 23702 | D:14     | Identified the amulet "Cikhluav" {rN+++ Will- Regen+ Str-2
                  | Int+6}
 23820 | D:14     | Noticed Nessos
 24224 | D:14     | Killed Nessos
 24224 | D:14     | Received a gift from Okawaru
 24285 | D:14     | Found a gate to the Vaults.
 24511 | D:14     | Reached skill level 14 in Dodging
 24616 | Lair:1   | Entered Level 1 of the Lair of Beasts
 25402 | Lair:2   | Noticed Erica
 25556 | Lair:2   | Killed Erica
 25929 | Lair:2   | Found a hole to the Spider Nest.
 25940 | Lair:2   | Received a gift from Okawaru
 25941 | Lair:2   | Reached skill level 15 in Dodging
 26185 | Lair:2   | Identified the +4 morningstar of Karma {antimagic, rF+
                  | rCorr Int+3}
 26540 | Lair:3   | Reached skill level 10 in Fighting
 26587 | Lair:3   | Received a gift from Okawaru
 26921 | Lair:3   | Reached XP level 14. HP: 88/88 MP: 13/22
 26939 | Lair:3   | Received a gift from Okawaru
 27694 | Lair:3   | Reached skill level 16 in Dodging
 28297 | Lair:4   | HP: 3/88 [blink frog (13)]
 28784 | Lair:4   | Found a staircase to the Swamp.
 28851 | Lair:4   | Identified the +6 whip "Migiynn" {vorpal, Str+3}
 29593 | Lair:5   | Received a gift from Okawaru
 29763 | Lair:5   | Reached skill level 17 in Dodging
 29827 | Lair:5   | Found a blossoming altar of Fedhas.
 30256 | Lair:5   | You fall into a shaft and drop 1 floor!
 30256 | Lair:6   | Entered Level 6 of the Lair of Beasts
 30363 | Lair:6   | Received a gift from Okawaru
 30391 | Lair:6   | Identified the +5 longbow "Waelom" {freeze, Int+2} (Okawaru
                  | gifted it to you on level 6 of the Lair of Beasts)
 30391 | Lair:6   | Received a gift from Okawaru
 30852 | Lair:5   | Found a staircase to the Slime Pits.
 31342 | Lair:5   | Reached skill level 10 in Invocations
 31441 | Lair:6   | Received a gift from Okawaru
 31442 | Lair:6   | Reached skill level 18 in Dodging
 31442 | Lair:6   | Reached XP level 15. HP: 92/92 MP: 15/24
 31708 | Lair:6   | Received a gift from Okawaru
 32090 | Lair:6   | Found the +2 cloak of the Thief {*Fog Slay-2 SInv Stlth+}
 32126 | Lair:6   | Received a gift from Okawaru
 32322 | Lair:6   | Found a glowing silver altar of Zin.
 32328 | Lair:6   | Received a gift from Okawaru
 32508 | Lair:4   | Identified the +1 robe of Maqae {Dex+3} (Okawaru gifted it
                  | to you on level 4 of the Lair of Beasts)
 32508 | Lair:4   | Received a gift from Okawaru
 33248 | Lair:6   | Reached skill level 19 in Dodging
 34251 | Orc:1    | Entered Level 1 of the Orcish Mines
 34251 | Orc:1    | Found the +10 zealot's sword {holy, *Rage rN+ EV+3}
 34251 | Orc:1    | Found a runed translucent gate.
 34251 | Orc:1    | Found a runed translucent gate.
 34251 | Orc:1    | Found a runed translucent gate.
 34313 | Orc:1    | Found an iron altar of Okawaru.
 34313 | Orc:1    | Noticed Sanktem7's ghost (novice MiFi)
 34503 | Orc:1    | You fall into a shaft and drop 1 floor!
 34503 | Orc:2    | Entered Level 2 of the Orcish Mines
 34503 | Orc:2    | Found a staircase to the Elven Halls.
 35229 | Orc:2    | Received a gift from Okawaru
 35697 | Orc:2    | Found Orphysurch's Antique Armour Boutique.
 35697 | Orc:2    | Found Hyavviczykit's Distillery.
 35698 | Orc:2    | Found Pappanil's Magic Scroll Shop.
 35698 | Orc:2    | Found Feest's Assorted Antiques.
 35706 | Orc:2    | Bought a scroll of teleportation for 33 gold pieces
 35708 | Orc:2    | Bought a scroll of blinking for 225 gold pieces
 35709 | Orc:2    | Bought a potion of curing for 33 gold pieces
 35709 | Orc:2    | Bought a potion of heal wounds for 55 gold pieces
 35709 | Orc:2    | Bought a potion of haste for 110 gold pieces
 35784 | Orc:1    | Noticed Snorg
 35800 | Orc:1    | Killed Snorg
 36126 | Orc:1    | Identified the +0 pair of gloves of the Storm King {rPois}
                  | (Okawaru gifted it to you on level 1 of the Orcish Mines)
 36126 | Orc:1    | Received a gift from Okawaru
 36199 | Orc:1    | Found Sek Syrgh's Armour Shop.
 36321 | Orc:1    | Bought the +4 skin of Zhor {*Englaciate rC+++ SInv} for 864
                  | gold pieces
 36321 | Orc:1    | Found the +4 skin of Zhor {*Englaciate rC+++ SInv}
 37042 | D:12     | Killed Sanktem7's ghost
 37843 | D:12     | Killed Stoinky's ghost
 38551 | D:14     | Noticed Urug
 38564 | D:14     | Killed Urug
 38757 | D:15     | Entered Level 15 of the Dungeon
 38814 | D:15     | Reached XP level 16. HP: 97/97 MP: 17/26
 38829 | D:15     | Reached skill level 20 in Dodging
 39220 | D:15     | Identified the ring of the Trilobite {rF+ Will+ Int+6
                  | Slay+2}
 39260 | D:15     | Noticed a storm dragon
 39278 | D:15     | Killed a storm dragon
 39356 | D:15     | Identified the +1 helmet of the Fife {rCorr Int+3}
 39416 | D:15     | Identified the +2 robe of the Three Blessings {Harm rF+
                  | Will+ Str+4} (Okawaru gifted it to you on level 15 of the
                  | Dungeon)
 39416 | D:15     | Received a gift from Okawaru
 39593 | D:15     | Found a staircase to the Depths.
 39952 | D:15     | Noticed Agnes
 39961 | D:15     | Killed Agnes
 40241 | D:15     | Identified Roxanne's Tome of Shape Shifting
 40241 | D:15     | Noticed Roxanne
 40274 | D:15     | Killed Roxanne
 40275 | D:15     | Reached skill level 21 in Dodging
 40400 | D:15     | Identified the +0 tower shield of Darkness {rF+ Str-2
                  | Dex+3}
 40400 | D:15     | Noticed Louise
 40418 | D:15     | Killed Louise
 40607 | Depths:1 | Entered Level 1 of the Depths
 41271 | Depths:1 | Noticed a lich
 41297 | D:15     | Killed a lich
 41494 | Depths:1 | Identified the +6 hunting sling "Vaehukku" {vorpal, rCorr}
                  | (Okawaru gifted it to you on level 1 of the Depths)
 41494 | Depths:1 | Received a gift from Okawaru
 42082 | Depths:1 | Noticed a lich
 42236 | Depths:1 | Killed a lich
 42243 | Depths:1 | Cast into level 3 of the Abyss (a wizard)
 42253 | Abyss:3  | Found a corrupted altar of Lugonu.
 42313 | Abyss:3  | Noticed a Hell Sentinel
 42315 | Abyss:3  | Found a corrupted altar of Lugonu.
 42422 | Abyss:3  | Noticed a tentacled starspawn
 42458 | Abyss:3  | Noticed a tentacled starspawn
 42463 | Arena    | Entered the Arena
 42522 | Abyss:3  | Noticed a lich
 42528 | Abyss:3  | Killed a lich
 42558 | Abyss:3  | Found a corrupted altar of Lugonu.
 42641 | Abyss:3  | Noticed a hellephant
 42710 | Abyss:3  | Found a corrupted altar of Lugonu.
 42767 | Abyss:3  | Noticed a bone dragon
 43165 | Abyss:3  | Paralysed by accursed screaming for 1 turns
 43335 | Abyss:4  | Noticed a lich
 43344 | Abyss:4  | Killed a lich
 43368 | Abyss:4  | Noticed a profane servitor
 43392 | Arena    | Entered the Arena
 43430 | Arena    | Killed a profane servitor
 43431 | Arena    | Reached skill level 22 in Dodging
 43457 | Abyss:4  | Found a corrupted altar of Lugonu.
 43536 | Abyss:4  | Noticed a tentacled starspawn
 43560 | Abyss:5  | Entered Level 5 of the Abyss
 43579 | Abyss:5  | Found a corrupted altar of Lugonu.
 43762 | Abyss:5  | Noticed a tentacled starspawn
 43771 | Abyss:5  | Killed a tentacled starspawn
 43811 | Abyss:5  | Noticed a lich
 43813 | Abyss:5  | Noticed a lich
 43825 | Abyss:5  | Killed a lich
 43829 | Abyss:5  | Noticed a lich
 43837 | Arena    | Entered the Arena
 43838 | Arena    | Blown up by a lich

Illustrated notes

Levels and vault maps discovered:
D:1:      tarquinn_simple_flora_water_c, layout_basic,
          chequers_hall_statues_wall_a, minmay_hexomino_u4
D:2:      layout_loops_ring, nicolae_ecumenical_oubliette,
          kennysheep_generic_room_6, uniq_robin, uniq_natasha
D:3:      layout_basic, portal_sewer_entry_b
D:4:      layout_cave_pools
D:5:      layout_cave_pools, minmay_temple_entry_crystal_x
D:6:      layout_cave_pools
D:7:      layout_layer_cave, serial_shops, shop_statue
D:8:      layout_loops_ring, jmf_multi_god_temple2, uniq_maggie,
          uniq_prince_ribbit1, uniq_pikel, uniq_joseph
D:9:      layout_rooms, lair_entry_dummy
D:10:     layout_roguey
D:11:     layout_basic, kennysheep_pointless_box,
          nicolae_qazlal_general_emergency
D:12:     layout_roguey, orc_0_dummy, gammafunk_ghost_grave,
          portal_ice_cave_demonic_guard, uniq_jorgrun
D:13:     layout_irregular_city, nrook_loot_triangle
D:14:     layout_basic, david_vaults_3, nzn_ghost_randoct
D:15:     grunt_enter_depths_hoard, layout_long_grid,
          minmay_misc_feat_four_crosses, minmay_radiant, uniq_agnes,
          uniq_louise, uniq_roxanne
Temple:   mainiacjoe_temple_big_plus
Lair:1:   layout_big_grid, pond
Lair:2:   layout_loops_ring, nicolae_spider_entry_non_spiders,
          grunt_megastairs_4, lemuel_fruit_tree, infiniplex_staircase_pool,
          uniq_erica
Lair:3:   layout_loops_ring, nzn_random_ring, serial_bayou_shore_a,
          grunt_megastairs_3
Lair:4:   layout_long_grid, swamp_mist, dpeg_oklob_1
Lair:5:   layout_small_grid, minmay_slime_entry_oklob_open,
          hangedman_tree_tricks, uniq_urug
Lair:6:   minmay_lair_end_frog_pond, layout_hall_layers, basic_altar,
          serial_bayou_shore_b
Orc:1:    layout_diamond_mine, basic_altar, gammafunk_ghost_fury_of_okawaru,
          serial_shops, shop_statue, uniq_snorg
Orc:2:    st_orc_pillars, layout_diamond_mine
Depths:1: minmay_box_of_statues, layout_gridlike, enter_ziggurat_e,
          minmay_splitting_lines, hell_entry, abyss_entry_small_statue_room,
          moated_statue, minmay_starry_boxes
Arena

Skill      XL: |  1  2  3  4  5  6  7  8  9 10 11 12 13 14 15 16 |
---------------+-------------------------------------------------+-----
Bows           | 6 7 8 9 10 11 13 15 16 17 18 20 | 20.9
Dodging        | 3 4 5 7 8 10 13 15 18 19 22 | 22.0
Fighting       | 2 3 5 6 8 9 10 | 10.0
Stealth        | 2 5 7 9 11 12 13 | 13.0
Invocations    | 3 5 7 8 10 11 12 | 12.1
Long Blades    | |  0.1

Action                   |  1- 3 |  4- 6 |  7- 9 | 10-12 | 13-15 | 16-18 || total
-------------------------+-------+-------+-------+-------+-------+-------++-------
Melee: Demon trident     |       |       |    28 |       |       |       ||    28
       Whip              |       |       |    75 |   369 |   938 |   127 ||  1509
       Punch             |       |       |     1 |     6 |    18 |     8 ||    33
       Eudemon blade     |       |       |       |       |     9 |   305 ||   314
 Fire: Shortbow          |    78 |   177 |   229 |   263 |    14 |       ||   761
       Longbow           |       |       |       |       |   670 |   302 ||   972
Invok: Heroism           |       |       |       |     2 |     4 |     8 ||    14
       Duel              |       |       |       |       |       |     3 ||     3
       Finesse           |       |       |       |       |       |     1 ||     1
  Use: Scroll            |     1 |     3 |     7 |     7 |    14 |     1 ||    33
       Potion            |       |    11 |     3 |     2 |     3 |    10 ||    29
 Stab: Sleeping          |       |       |     4 |     8 |    14 |     1 ||    27
       Distracted        |       |       |     2 |    12 |    23 |    10 ||    47
Armor: Leather armour    |     6 |    18 |    10 |       |       |       ||    34
       Robe              |       |       |    17 |    33 |     1 |       ||    51
       Steam dragon scal |       |       |       |    51 |   203 |       ||   254
       Animal skin       |       |       |       |       |    24 |    85 ||   109
Dodge: Dodged            |    12 |    37 |    84 |   392 |  1692 |   700 ||  2917
       Repelled          |       |       |       |     6 |     6 |       ||    12
Block: Buckler           |       |       |       |    35 |   108 |    46 ||   189
